 Dungeon Crawl Stone Soup version 0.30-a0-1043-g60ff8d5f49 (webtiles) character file.

Game seed: 1469645854306590865

462 Pimp the Digger (level 7, -1/40 HPs)
             Began as a Gargoyle Earth Elementalist on Apr 10, 2023.
             Killed from afar by a steam dragon (17 damage)
             ... with a ball of steam
             ... on level 5 of the Dungeon.
             The game lasted 00:09:28 (3409 turns).

Pimp the Digger (Gargoyle Earth Elementalist)       Turns: 3409, Time: 00:09:29

Health: -1/40      AC: 16    Str: 13    XL:     7   Next: 7%
Magic:  11/11      EV:  7    Int: 16    God:
Gold:   270        SH:  0    Dex: 10    Spells: 11/12 levels left

rFire   . . .      SeeInvis .    j - +2 hand axe (distort)
rCold   + . .      Faith    .    (no shield)
rNeg    + . .      Spirit   .    t - +2 chain mail {rC+}
rPois   ∞          Reflect  .    (no helmet)
rElec   +          Rampage  .    u - +0 cloak
rCorr   .                        (no gloves)
Will    .....                    (no boots) Stlth
                                 h - amulet of magic regeneration
HPRegen 0.26/turn                (no ring)
MPRegen 0.52/turn                (no ring)

@: no status effects
A: sickness immunity, AC +4, negative energy resistance 1, electricity
resistance, torment resistance 1, petrification resistance
a: no special abilities


You were on level 5 of the Dungeon.
You visited 1 branch of the dungeon, and saw 5 of its levels.
You also visited: Sewer.

You collected 270 gold pieces.

Inventory:

Hand Weapons
 j - a +2 hand axe of distortion (weapon)
Missiles
 g - a throwing net
Armour
 a - a +0 robe
 t - a +2 chain mail of cold resistance (worn)
 u - a +0 cloak (worn)
Jewellery
 h - an amulet of magic regeneration (around neck)
 l - a ring of flight
Scrolls
 e - 2 scrolls of enchant weapon
 i - 3 scrolls of magic mapping {unknown}
 m - a scroll of fog {unknown}
 o - 3 scrolls of identify {unknown}
 p - a scroll of noise {unknown}
 q - a scroll of blinking {unknown}
 r - a scroll of torment {unknown}
 s - a scroll of teleportation
 v - a scroll of enchant armour {unknown}
Potions
 b - a potion of magic
 c - 2 potions of mutation {unknown}
 d - 2 potions of flight {unknown}
 f - 4 potions of curing {unknown}
 k - 2 potions of cancellation {unknown}
 n - 2 potions of haste {unknown}


   Skills:
 + Level 2.4 Fighting
 + Level 2.0 Axes
 + Level 2.3 Armour
 + Level 2.8 Dodging
 - Level 2.4 Stealth
 + Level 3.1 Spellcasting
 + Level 2.2 Transmutations
 + Level 4.8 Earth Magic


You had 11 spell levels left.
You knew the following spells:

 Your Spells              Type           Power      Damage    Failure   Level
a - Sandblast             Erth           36%        2d10      45%         1

Your spell library contained the following spells:

 Spells                   Type           Power      Damage    Failure   Level
 Passwall                 Tmut/Erth      10%        N/A       80%         2
 Stone Arrow              Conj/Erth      20%        3d8       99%         3
 Animate Armour           Summ/Erth      20%        N/A       100%        4
 Petrify                  Tmut/Erth      13%        N/A       100%        4
 Blade Hands              Tmut           4%         N/A       100%        5
 Iron Shot                Conj/Erth      5%         9d2       100%        6


Dungeon Overview and Level Annotations

Branches:
Dungeon (5/15)              Sewer (visited)
 Temple: D:4-7

Altars:
Uskayaw

Shops:
D:2 (   D:3 (


Innate Abilities, Weirdness & Mutations

You are immune to sickness and miasma.
Your stone body is resilient. (AC +4)
You are immune to poison.
You resist negative energy. (rN+)
You are resistant to electric shocks. (rElec)
You are resistant to unholy torment.
You are immune to petrification.


Message History

There is a stone staircase leading up here.
Things that are here:
a +2 dagger of venom; a +0 quarterstaff
Found 6 stones.
Found a morningstar.
You now have 246 gold pieces (gained 15).
v - a scroll labelled UTAMAU OM SUCK You see here a +0 morningstar.
Found a stone staircase leading down.
You now have 259 gold pieces (gained 13).
You now have 270 gold pieces (gained 11).
A steam dragon comes into view.
The steam dragon breathes steam at you. The ball of steam hits you.
You are engulfed in a cloud of scalding steam.
You barely miss the steam dragon.
You are engulfed in a cloud of scalding steam.
The steam dragon barely misses you. x2
You closely miss the steam dragon. The steam dragon bites you.
The steam dragon claws you but does no damage.
You hit the steam dragon.
Space warps around the steam dragon.
The steam dragon is lightly wounded.
The steam dragon bites you.
The steam dragon claws you but does no damage.
You barely miss the steam dragon.
The steam dragon is lightly wounded.
The steam dragon closely misses you. The steam dragon barely misses you.
You closely miss the steam dragon.
The steam dragon is lightly wounded.
The steam dragon bites you but does no damage.
The steam dragon barely misses you. The steam dragon bites you.
The steam dragon closely misses you.
You hit the steam dragon.
Space warps around the steam dragon.
The steam dragon is moderately wounded.
The steam dragon bites you. The steam dragon barely misses you.
You hit the steam dragon but do no damage.
The steam dragon is moderately wounded.
The steam dragon breathes steam at you. The ball of steam hits you!
You die...

######
#.......#.####
....#
#####.###.#
...##
#.###.#### #..#
#.##.....#
#..###
#.##.....#
#....#
#.##.....#
#.##.#
#.##.....#
#.##.#
#.##.....#
#@##.#
#.##.....#
#D##.##
#.##..####
#.##..###.##.##
#.###........#
#.# #####^#>##
#.# #.#.# #..
..#.# ###
####.# #.#


You could see a steam dragon (catching breath).

Vanquished Creatures
  A kobold brigand (D:4)
  A scorpion (D:3)
  A hound (D:4)
  A jelly (D:4)
  An orc wizard (D:4)
  6 adders
  2 river rats (Sewer)
  An ufetubus (D:4)
  3 dart slugs
  An orc (D:4)
  12 ball pythons
  4 endoplasms
  4 giant cockroaches
  6 goblins
  4 hobgoblins
  A jackal (D:2)
  A quokka (D:1)
  6 bats
  A frilled lizard (D:2)
  12 kobolds
  4 rats
73 creatures vanquished.

Notes
Turn   | Place    | Note
-------+----------+-------------------------------------------
     0 | D:1      | Pimp the Gargoyle Earth Elementalist began the quest for
                  | the Orb.
     0 | D:1      | Reached XP level 1. HP: 10/10 MP: 3/3
   179 | D:1      | Reached skill level 1 in Transmutations
   179 | D:1      | Reached XP level 2. HP: 14/15 MP: 3/5
   825 | D:2      | Reached XP level 3. HP: 16/20 MP: 6/6
   894 | D:2      | Found Nogar's Weapon Shoppe.
  1290 | D:2      | Reached skill level 1 in Armour
  1290 | D:2      | Reached skill level 4 in Earth Magic
  1317 | D:2      | Reached XP level 4. HP: 24/24 MP: 7/7
  1596 | D:3      | Reached skill level 1 in Fighting
  1609 | D:3      | Found a glowing drain.
  1628 | Sewer    | Entered a sewer
  1711 | Sewer    | Reached XP level 5. HP: 26/29 MP: 9/9
  1894 | Sewer    | Reached skill level 1 in Axes
  2176 | D:3      | Noticed a +0 dagger
  2177 | D:3      | Found a hide-covered altar of Uskayaw.
  2177 | D:3      | Noticed a +0 hand axe
  2184 | D:3      | Found Becwaadgh's Weapon Emporium.
  2586 | D:3      | Found a faded altar of an unknown god.
  2672 | D:4      | Reached XP level 6. HP: 33/35 MP: 10/10
  3072 | D:4      | Reached XP level 7. HP: 19/40 MP: 11/11
  3327 | D:5      | Entered Level 5 of the Dungeon
  3399 | D:5      | Noticed a steam dragon
  3409 | D:5      | Killed from afar by a steam dragon

Illustrated notes

Levels and vault maps discovered:
D:1:      ncdulo_watergridlock, layout_basic
D:2:      minmay_evil_eye, layout_basic, serial_shops, nicolae_diamond_shop,
          minmay_fractal_squares_5
D:3:      layout_basic, dancing_weapons_uskayaw,
          dreamdust_ecumenical_altar_hidden_monk_grotto, serial_shops, shop,
          gup_sewer_entry_glass, skrybe_limestone_x
D:4:      layout_cave_pools, nicolae_nh_ransacked_shop
D:5:      layout_basic

Skill      XL: |  1  2  3  4  5  6 |
---------------+-------------------+-----
Transmutations | 1 2 |  2.2
Dodging        | 2 |  2.8
Armour         | 1 2 |  2.3
Earth Magic    | 4 |  4.8
Fighting       | 1 2 |  2.4
Axes           | 1 2 |  2.0
Spellcasting   | 3 |  3.1
Stealth        | |  2.4

Action                     |  1- 3 |  4- 6 |  7- 9 || total
---------------------------+-------+-------+-------++-------
  Melee: Unarmed           |    19 |       |       ||    19
         Hand axe          |    33 |   147 |     7 ||   187
   Cast: Sandblast         |    16 |     3 |       ||    19
    Use: Scroll            |       |     3 |       ||     3
   Stab: Sleeping          |     1 |     3 |       ||     4
         Distracted        |       |     1 |       ||     1
 Armour: Robe              |    20 |    65 |       ||    85
         Chain mail        |       |       |     4 ||     4
  Dodge: Dodged            |    59 |    96 |     7 ||   162

Table legend: (Time is in decaauts)
 A = Elapsed time spent in this place.
 B = Non-inter-level travel time spent in this place.
 C = Inter-level travel time spent in this place.
 D = Time resting spent in this place.
 E = Time spent auto-exploring this place.
 F = Levels seen in this place.
 G = Mean time per level.
                   A        B        C        D        E       F      G
               +--------+--------+--------+--------+--------+-----+--------+
         Total |   3543 |   3403 |    140 |    117 |   2459 |   6 |  590.5 |
       Dungeon |   3045 |   2905 |    140 |    117 |   2248 |   5 |  609.0 |
         Sewer |    497 |    497 |      0 |      0 |    210 |   1 |  497.0 |
               +--------+--------+--------+--------+--------+-----+--------+

Top non-repeatable levels by time:
     D:2: 984 daAuts
     D:3: 693 daAuts
     D:4: 673 daAuts
     D:1: 611 daAuts
   Sewer: 497 daAuts
     D:5: 83 daAuts
